Map: Dédale EC

Players

NIKI - Winner!

  • Race: Zerg Zerg
  • League: Diamond
  • Spawn Location: 1:00

HoldTheDoor

  • Race: Protoss Protoss
  • League: Diamond
  • Spawn Location: 7:00

VOD

Have the link to the VOD?

Description

Time

  • Played on: July 4, 2018, 11:36 a.m.
  • Length: 6:10
Show
View Real Time Build Order
Export as new Build Order

NIKI Zerg - Winner!

Build Orders: Hatch First 

Get SALT Encoding   

  12  0:02  Drone  
  13  0:13  Overlord  
  13  0:16  Drone  
  14  0:31  Drone x2  
  14  0:35  Drone  
  17  0:56  Hatchery  
  16  1:08  Spawning Pool  
  16  1:09  Extractor  
  14  1:12  Drone  
  14  1:16  Drone  
  16  1:20  Drone  
  17  1:39  Drone x2  
  19  1:51  Overlord  
  19  2:07  Zergling x4  
  19  2:20  Zergling x6  
  19  3:05  Zergling x12  
  24  3:19  Drone  
  24  3:35  Queen, Hatchery  
  24  3:36  Queen  
  24  3:37  Zergling x6  
  30  3:52  Drone x4  
  34  4:06  Overlord x2  
  34  4:09  Metabolic Boost  
  32  4:49  Drone  
  32  4:50  Queen  
  32  4:52  Zergling x4  
  34  5:10  Zergling x8  
  36  5:28  Spine Crawler  
  28  5:47  Zergling x8  
  28  5:48  Zergling x4  
Show
View Real Time Build Order
Export as new Build Order

HoldTheDoor Protoss 

Build Orders:  

Get SALT Encoding   

  12  0:01  Probe  
  13  0:13  Probe  
  14  0:19  Pylon  
  14  0:25  Probe  
  15  0:37  Forge  
  15  0:38  Probe  
  16  0:46  Probe  
  17  1:19  Pylon  
  17  1:20  Probe  
  18  1:27  Pylon  
  18  1:32  Probe  
  19  1:40  Photon Cannon  
  19  1:42  Pylon, Gateway  
  19  1:44  Probe  
  20  1:50  Photon Cannon  
  20  2:01  Pylon  
  20  2:07  Photon Cannon  
  20  2:25  Photon Cannon  
  20  2:26  Pylon  
  20  2:30  Zealot  
  22  2:48  Zealot, Photon Cannon  
  24  2:59  Assimilator  
  24  3:03  Assimilator  
  24  3:07  Cybernetics Core  
  22  3:15  Gateway  
  22  3:21  Zealot  
  24  3:33  Pylon  
  22  3:36  Pylon  
  22  3:42  Zealot  
  22  3:47  Probe  
  25  3:59  Probe  
  26  4:03  Adept  
  28  4:10  Stalker  
  28  4:11  Probe  
  29  4:23  Probe  
  32  4:47  Stalker x2  
  34  5:17  Stalker x2  
Tags
 
Add a new tag
Caveats
  • Supply blocks, unpowered buildings, or Contaminate may cause inaccurate times.
  • Supply counts are checked every 10 seconds.